[Event "Early-Titled-Tuesday-Blitz-January-16-2024"]
[Site "Chess.com"]
[Date "2024.01.16"]
[Round "4"]
[White "Maestro-Fermin"]
[Black "igorkovalenko"]
[Result "0-1"]
[WhiteElo "2614"]
[BlackElo "2999"]
[TimeControl "180+1"]
[EndTime "8:41:08 PST"]
[Termination "igorkovalenko won by checkmate"]

1. d4 Nf6 2. Bg5 d5 3. e3 Nbd7 4. Bd3 h6 5. Bf4 c5 6. c3 Qb6 7. Qc1 Nh5 8. Nf3 g5 9. Be5 Nxe5 10. Nxe5 Bg7 11. O-O O-O 12. Nd2 e6 13. Qc2 f5 14.
f4 cxd4 15. exd4 Nxf4 16. Rxf4 Bxe5 17. Rf2 Bg7 18. Nf3 g4 19. Ne5 Bxe5 20. dxe5 Bd7 21. Qd2 Kg7 22. Re1 Rf7 23. g3 Raf8 24. Qf4 Bb5 25.
Bxb5 Qxb5 26. Kg2 Rc8 27. Qe3 b6 28. Rh1 Qc6 29. Qd4 Qc5 30. Rf4 Qb5 31. Rf2 Rc4 32.
Qd2 Qc6 33. Rc1 d4+ 34. Kg1 Rd7 35. Qe1 dxc3 36. Rxc3 Rxc3 37. bxc3 Rd3 38. Rd2 Qxc3 39. Re2 Qxe1+ 40. Rxe1 Rd5 41. Rc1 Rxe5 42. Rc7+ Kf6 43.
Rxa7 Re2 44. Rb7 Rxa2 45. Rxb6 h5 46. Rb5 Re2 47. Rb6 Kg5 48. Rb8 e5 49. Rg8+ Kf6 50.
Rf8+ Kg6 51. Re8 e4 52. Re6+ Kg5 53. Re8 e3 54. Rg8+ Kf6 55. Rh8 Ke5 56. Rxh5 Ke4 57.
Rh8 Kf3 58. Rf8 Re1# 0-1

[Event "Early-Titled-Tuesday-Blitz-January-16-2024"]
[Site "Chess.com"]
[Date "2024.01.16"]
[Round "4"]
[White "talaicito"]
[Black "LeninGuerra"]
[Result "0-1"]
[WhiteElo "2288"]
[BlackElo "2660"]
[TimeControl "180+1"]
[EndTime "8:41:08 PST"]
[Termination "LeninGuerra won on time"]

1. d4 Nf6 2. Nc3 e6 3. e4 d5 4. e5 Nfd7 5. Nce2 c5 6. c3 Nc6 7.
f4 cxd4 8. cxd4 Qb6 9. Nf3 Bb4+ 10.
Kf2 f6 11. Be3 O-O 12. g3 fxe5 13. dxe5 Bc5 14. Bxc5 Nxc5 15. Ned4 Qxb2+ 16. Be2 Ne4+ 17. Kg2 Bd7 18. Rb1 Qxa2 19. Rxb7 Nxd4 20. Nxd4 Rfd8 21.
Qa1 Qd2 22. Qd1 Qe3 23. Rf1 Rab8 24. Rf3 Qd2 25. Rxa7 Rb2 26. Rd3 Qxd1 27. Rxd1 Nc3 28. Re1 Rd2 29. Ra3 Rc8 30. Ra7 Be8 31. Nxe6 Nxe2 32. Rxg7+ Kh8 33. Kh3 Bg6 34. Re7 Nc3 35. g4 Be4 36. f5 Ne2 37. Ng5 Nf4+ 38. Kg3 Rc3+ 39. Kxf4 Rf2+ 40. Nf3 h6 0-1

[Event "Early-Titled-Tuesday-Blitz-January-16-2024"]
[Site "Chess.com"]
[Date "2024.01.16"]
[Round "4"]
[White "RandomNoob04"]
[Black "PavelShkapenko"]
[Result "1-0"]
[WhiteElo "2589"]
[BlackElo "2768"]
[TimeControl "180+1"]
[EndTime "8:41:09 PST"]
[Termination "RandomNoob04 won by resignation"]

1. e4 e5 2. d4 exd4 3. Qxd4 Nc6 4. Qe3 g6 5. Nc3 d6 6. Nf3 Bg4 7. Bc4 Bg7 8. Bd2 Nf6 9. Bb3 O-O 10. h3 Bxf3 11.
Qxf3 Nd4 12. Qd3 Nxb3 13. axb3 Re8 14. O-O Nd7 15. Be3 a6 16. Rad1 Rc8 17. Bd4 Ne5 18. Qg3 c5 19. Be3 h5 20. Rd5 Qe7 21. Rfd1 Rcd8 22.
Bg5 Bf6 23. Bxf6 Qxf6 24. R5d2 h4 25. Nd5 Qe6 26. Qxh4 Kg7 27. Nc7 Qc8 28. Nxe8+ Rxe8 29. Rxd6 Nc6 30. Qf6+ Kg8 31. Rd7 Rf8 32. c3 Nd4 33.
Rd5 Ne6 34. e5 Qc6 35. Rd6 Qc8 36. f4 c4 37. b4 Qb8 38. Rxe6 fxe6 39. Qxg6+ Kh8 40.
Rd7 1-0

[Event "Early-Titled-Tuesday-Blitz-January-16-2024"]
[Site "Chess.com"]
[Date "2024.01.16"]
[Round "4"]
[White "AndresDelgado77"]
[Black "MathiasWomacka"]
[Result "1-0"]
[WhiteElo "2385"]
[BlackElo "2569"]
[TimeControl "180+1"]
[EndTime "8:41:09 PST"]
[Termination "AndresDelgado77 won by resignation"]

1. e4 c5 2. Nf3 d6 3. d4 cxd4 4. Qxd4 Nc6 5. Bb5 Bd7 6. Qd3 Nf6 7. Nc3 g6 8. Bg5 Bg7 9. O-O-O O-O 10.
e5 Ne8 11. exd6 Nxd6 12. Nd5 f6 13. Nxe7+ Qxe7 14. Qxd6 Qxd6 15. Rxd6 Bf5 16. Be3 Nb4 17. Nd4 Be4 18. Bc4+ Kh8 19. f3 Rac8 20. Be6 Nxc2 21. Bxc8 Rxc8 22. Kd2 Nxe3 23. Kxe3 Bc6 24. Ne6 Bh6+ 25.
Kf2 Kg8 26. Rd8+ Rxd8 27. Nxd8 Bd5 28. b3 b5 29. Rd1 Ba8 30. Rd7 f5 31. Rxa7 Bd5 32.
Rd7 Ba8 33. Nf7 Bf8 34. Ne5 b4 35. Rd8 Bb7 36. Nd7 1-0

[Event "Early-Titled-Tuesday-Blitz-January-16-2024"]
[Site "Chess.com"]
[Date "2024.01.16"]
[Round "4"]
[White "Gryffindorac8"]
[Black "santosalberto1987"]
[Result "1-0"]
[WhiteElo "2358"]
[BlackElo "2508"]
[TimeControl "180+1"]
[EndTime "8:41:10 PST"]
[Termination "Gryffindorac8 won by checkmate"]

1. d4 d5 2. c4 c6 3. Nf3 Nf6 4. Nc3 dxc4 5. a4 Bf5 6. e3 e6 7. Bxc4 Bb4 8. O-O Nbd7 9. h3 O-O 10. Nh4 Bg6 11. Nxg6 hxg6 12. Qb3 a5 13. Na2 Be7 14. Qxb7 Rb8 15. Qxc6 Rc8 16. Qb5 Rb8 17. Qg5 Nd5 18. Qg4 N7b6 19. Qe2 Qc7 20. Bb5 Nb4 21. Nxb4 Bxb4 22.
Bd2 Nd5 23. Rac1 Qe7 24. Bxb4 Nxb4 25. Rc5 Rb7 26. Rfc1 Kh7 27. Qc4 Qf6 28. Rc7 Rxc7 29. Qxc7 Nd5 30. Qxa5 Ne7 31. Qb4 Rb8 32. Qd6 Ra8 33.
Qe5 Qh4 34. Rc7 Nf5 35. Rxf7 Rc8 36. Kh2 Qxf2 37. Bd3 Rg8 38. Bxf5 exf5 39. d5 f4 40.
Qxf4 Qd2 41. Qh4# 1-0

[Event "Early-Titled-Tuesday-Blitz-January-16-2024"]
[Site "Chess.com"]
[Date "2024.01.16"]
[Round "4"]
[White "Aygehovit1992"]
[Black "Nf3c5"]
[Result "0-1"]
[WhiteElo "2715"]
[BlackElo "2565"]
[TimeControl "180+1"]
[EndTime "8:41:11 PST"]
[Termination "Nf3c5 won by resignation"]

1. e4 e5 2. Nf3 Nc6 3. Bb5 Nge7 4.
Nc3 Ng6 5. h4 h5 6. d4 exd4 7.
Nxd4 Nxd4 8. Qxd4 c6 9. Be2 Qb6 10. Qxb6 axb6 11. Be3 b5 12. g3 Ne5 13. f4 Ng4 14. Bxg4 hxg4 15. e5 d5 16. exd6 Bxd6 17.
O-O-O Bb4 18. Bd4 O-O 19. a3 Ba5 20. h5 Kh7 21. h6 f6 22. hxg7+ Kxg7 23. Ne4 Bf5 24.
Nd6 Be6 25. Nxb7 Bc7 26. Nc5 Bd5 27. Rhe1 Rae8 28. b3 Kf7 29. Kb2 Bf3 30. Rc1 Bb6 31. b4 Bxc5 32. Bxc5 Rh8 33. Rxe8 Rxe8 34. a4 bxa4 35.
Ra1 Re2 36. Rxa4 Be4 37. Ra7+ Kg6 38. Re7 Rxc2+ 39. Kb3 Re2 40. Re8 Bd5+ 41. Kc3 Rxe8 42. Kd4 Kf5 43. b5 Re4+ 0-1

[Event "Early-Titled-Tuesday-Blitz-January-16-2024"]
[Site "Chess.com"]
[Date "2024.01.16"]
[Round "4"]
[White "DeArron_Fox"]
[Black "mbchess97"]
[Result "1-0"]
[WhiteElo "2422"]
[BlackElo "2260"]
[TimeControl "180+1"]
[EndTime "8:41:11 PST"]
[Termination "DeArron_Fox won by resignation"]

1. d4 Nf6 2. c4 e6 3. Nf3 d5 4.
Nc3 Bb4 5. Qa4+ Nc6 6. e3 O-O 7. Qc2 b6 8. Bd2 Ba6 9. Qa4 Bb7 10. Bd3 dxc4 11. Bxc4 Qe7 12. O-O a5 13. Ne2 Bxd2 14.
Nxd2 e5 15. d5 Nb4 16. e4 Na6 17. Qc2 Nd7 18. Ng3 g6 19. Rac1 Nac5 20. a3 a4 21.
Qd1 Kh8 22. Qg4 f5 23. exf5 Nf6 24. Qh3 Bc8 25. Rce1 Qd6 26. f4 e4 27. Ngxe4 Ncxe4 28.
Nxe4 Nxe4 29. Rxe4 Bxf5 30. Qc3+ Qf6 31. Re5 Rae8 32. Rxe8 1-0

[Event "Early-Titled-Tuesday-Blitz-January-16-2024"]
[Site "Chess.com"]
[Date "2024.01.16"]
[Round "4"]
[White "bancsoo"]
[Black "PepeCuenca"]
[Result "1-0"]
[WhiteElo "2932"]
[BlackElo "2700"]
[TimeControl "180+1"]
[EndTime "8:41:14 PST"]
[Termination "bancsoo won on time"]

1. Nf3 d5 2. g3 Nf6 3. Bg2 c5 4. O-O e6 5. d4 cxd4 6. Nxd4 e5 7. Nb3 Be6 8. c4 Nc6 9. cxd5 Bxd5 10. Nc3 Bxg2 11. Kxg2 Bb4 12. Qxd8+ Rxd8 13. Bg5 Bxc3 14. Bxf6 gxf6 15. bxc3 Ke7 16. a4 Rc8 17. Rfb1 Rc7 18. a5 Rhc8 19. Ra4 Nd8 20. Rh4 Rxc3 21. Rxh7 R8c4 22.
Nd2 Ra4 23. Nf3 Rxa5 24. Nh4 Ke6 25. g4 Ra2 26. Nf5 Rc7 27. Rh8 Nc6 28. e3 Rd2 29. Rh6 a5 30. Ng7+ Ke7 31. Nh5 Rd6 32. Ng3 Re6 33. Nf5+ Kd7 34. Rd1+ Kc8 35. Rh8+ 1-0

[Event "Early-Titled-Tuesday-Blitz-January-16-2024"]
[Site "Chess.com"]
[Date "2024.01.16"]
[Round "4"]
[White "SantoBlue"]
[Black "A-Fier"]
[Result "1-0"]
[WhiteElo "2944"]
[BlackElo "2804"]
[TimeControl "180+1"]
[EndTime "8:41:15 PST"]
[Termination "SantoBlue won by resignation"]

1. e4 Nf6 2. e5 Nd5 3. d4 d6 4.
Nf3 g6 5. Bc4 Nb6 6. Bb3 Bg7 7.
O-O O-O 8. exd6 cxd6 9. h3 Nc6 10. Re1 Na5 11. Bg5 Re8 12. Nc3 Bf5 13. Qd2 Nac4 14.
Qc1 Rc8 15. a4 a5 16. Nb5 Qd7 17. c3 e5 18. dxe5 dxe5 19. Rd1 Bd3 20. Bxc4 Nxc4 21.
b3 Nb6 22. Qe3 Qe6 23. Rxd3 e4 24. Rd6 Qxb3 25. Rxb6 exf3 26. Qxf3 Rxc3 27. Nxc3 Qxb6 28. Nd5 Qc5 29. Nf6+ Kh8 30. Nxe8 Bxa1 31. Bf6+ Kg8 32. g3 Be5 33. Kg2 Kf8 34. Bxe5 Qxe5 35. Nf6 Kg7 36. Ng4 Qd4 37. Qxb7 Qxa4 38. Ne5 Qa2 39. Qa8 a4 40. Nd7 Qa3 41. Qe4 Qd6 42. Qxa4 Qd5+ 43. Kg1 h5 44. h4 Qd2 45. Qa1+ Kg8 46.
Nf6+ Kf8 47. Ne4 Qe2 48. Qh8+ Ke7 49. Qf6+ Kf8 50. Ng5 Qd1+ 51. Kh2 Qd5 52. Qf3 Qc4 53. Kg2 Qa2 54. Nh3 Kg7 55. Nf4 Qc4 56. Nd5 Qd4 57.
Ne3 Qb2 58. Qd5 Qa1 59. Nc4 Qc1 60. Nd6 Kh6 61. Qg5+ Kg7 62. Qxc1 1-0

[Event "Early-Titled-Tuesday-Blitz-January-16-2024"]
[Site "Chess.com"]
[Date "2024.01.16"]
[Round "4"]
[White "Thjop"]
[Black "Arimin1329"]
[Result "0-1"]
[WhiteElo "2639"]
[BlackElo "2422"]
[TimeControl "180+1"]
[EndTime "8:41:15 PST"]
[Termination "Arimin1329 won by resignation"]

1. d4 Nf6 2. g3 d5 3. Bg2 e6 4.
Nf3 Be7 5. O-O O-O 6. c4 c6 7. Nc3 b6 8. Nd2 Ba6 9. b3 Nbd7 10. Re1 Rc8 11. e4 dxe4 12. Ndxe4 c5 13. d5 exd5 14. Nxd5 Nxd5 15. cxd5 Bf6 16. Nxf6+ Qxf6 17. Rb1 Rfe8 18. Bb2 Qf5 19. Qf3 Qc2 20. Qg4 Ne5 21. Qg5 Qxb2 22. h4 Qd4 23. Rbd1 Qg4 24. d6 Qxg5 25. hxg5 Rcd8 26. f4 Nd7 27. Rxe8+ Rxe8 28. Bc6 Rd8 29. Re1 Kf8 30. Re7 Bc8 31. f5 Nb8 32. Rxa7 Nxc6 0-1

[Event "Early-Titled-Tuesday-Blitz-January-16-2024"]
[Site "Chess.com"]
[Date "2024.01.16"]
[Round "4"]
[White "larsmandreassen"]
[Black "jinbojinbo"]
[Result "0-1"]
[WhiteElo "2227"]
[BlackElo "2635"]
[TimeControl "180+1"]
[EndTime "8:41:16 PST"]
[Termination "jinbojinbo won by resignation"]

1. d4 Nf6 2. Nf3 g6 3. c4 Bg7 4.
Nc3 O-O 5. g3 c6 6. Bg2 d5 7.
cxd5 cxd5 8. O-O Nc6 9. Ne5 Bf5 10. Nxc6 bxc6 11. Na4 Nd7 12. e3 e5 13. g4 Be6 14.
f4 exf4 15. exf4 f5 16. g5 Qa5 17. Be3 Rfe8 18. Rc1 Nb6 19. Nc5 Nc4 20. Rxc4 dxc4 21.
Bxc6 Bf7 22. Bxe8 Rxe8 23. Bf2 Qxa2 24. Qa4 Qxa4 25. Nxa4 Re4 26. Rd1 Rxf4 27. d5 Rg4+ 28. Kf1 Be8 29. Nc5 Bb5 30. Ke1 Bxb2 31. d6 c3 32. d7 Bxd7 33. Nxd7 c2 34. Nf6+ Bxf6 35. gxf6 cxd1=Q+ 36.
Kxd1 Kf7 37. Bxa7 Kxf6 38. h3 Rg2 0-1

[Event "Early-Titled-Tuesday-Blitz-January-16-2024"]
[Site "Chess.com"]
[Date "2024.01.16"]
[Round "4"]
[White "elchacal664"]
[Black "marina1994"]
[Result "1-0"]
[WhiteElo "2367"]
[BlackElo "2526"]
[TimeControl "180+1"]
[EndTime "8:41:16 PST"]
[Termination "elchacal664 won by resignation"]

1. e4 c5 2. Nc3 d6 3. Bc4 a6 4. a4 g6 5. d3 Bg7 6. f4 Nc6 7.
Nf3 Nd4 8. O-O Bg4 9. h3 Bxf3 10.
Rxf3 Nxf3+ 11. Qxf3 e6 12. f5 Qe7 13. fxe6 fxe6 14. Qg4 Nf6 15. Qxe6 Qxe6 16. Bxe6 Ke7 17.
Bc4 h6 18. Bf4 Rad8 19. Re1 Kd7 20. g4 g5 21. Bg3 Rde8 22. Bf7 Re7 23. Bg6 Kc6 24.
Rf1 Rf8 25. Bf5 h5 26. Nd1 hxg4 27. hxg4 Nd7 28. Kg2 Kc7 29. Ne3 Nf6 30. Nc4 Rd8 31.
e5 dxe5 32. Nxe5 Rxe5 33. Bxe5+ Kb6 34. Bg6 Ne8 35. Bxg7 Nxg7 36. Rf6+ Ka7 37. Rf7 Ne6 38. Be4 Nf4+ 39. Kf3 Nd5 40. c4 Nb4 41. Rxb7+ 1-0

[Event "Early-Titled-Tuesday-Blitz-January-16-2024"]
[Site "Chess.com"]
[Date "2024.01.16"]
[Round "4"]
[White "Aleksandar-Topalov"]
[Black "FARIZA2018"]
[Result "0-1"]
[WhiteElo "2299"]
[BlackElo "2508"]
[TimeControl "180+1"]
[EndTime "8:41:16 PST"]
[Termination "FARIZA2018 won by checkmate"]

1. b3 e5 2. Bb2 Nc6 3. e3 Nf6 4.
Bb5 d6 5. d4 exd4 6. Qxd4 a6 7.
Bxc6+ bxc6 8. c4 c5 9. Qf4 Be7 10. Ne2 O-O 11. Nbc3 Bb7 12. Ng3 Re8 13. Nf5 Bf8 14. Nd5 Bxd5 15. cxd5 Nxd5 16. Nh6+ gxh6 17. Qg3+ Qg5 18. Qf3 Bg7 19. h4 Qg6 20. Rh3 Bxb2 21.
Rg3 Bxa1 22. Rxg6+ hxg6 23. Qxd5 Bg7 24. h5 g5 25. Qc6 Rac8 26. Qxa6 c6 27. Qd3 d5 28.
Ke2 Ra8 29. Qc2 Ra5 30. Kf3 Rea8 31. a4 Rb8 32. Qf5 d4 33. Qd7 Rxb3 34. Qc8+ Bf8 35. Qxc6 Rb4 36. g3 Raxa4 37. exd4 Rxd4 38. Kg2 Ra2 39. Qc8 Rdd2 40. Kh3 Rxf2 41. Kg4 Ra4+ 42.
Kh3 g4+ 43. Kh4 Rh2# 0-1

[Event "Early-Titled-Tuesday-Blitz-January-16-2024"]
[Site "Chess.com"]
[Date "2024.01.16"]
[Round "4"]
[White "Viktor_Poddubnyi"]
[Black "maurovargas01"]
[Result "1-0"]
[WhiteElo "2299"]
[BlackElo "1853"]
[TimeControl "180+1"]
[EndTime "8:41:17 PST"]
[Termination "Viktor_Poddubnyi won by resignation"]

1. e4 d5 2. exd5 Qxd5 3. Nc3 Qa5 4. b4 Qxb4 5. Rb1 Qd6 6. Nf3 c6 7. d4 Nf6 8. Bd3 Bg4 9. Rxb7 Nbd7 10. O-O Nb6 11.
Ne4 Nxe4 12. Bxe4 Bc8 13. Rxb6 axb6 14. Ne5 Bb7 15. Qf3 Qf6 16. Qb3 b5 17. c4 Qe6 18.
Qb1 f6 19. Nxc6 Bxc6 20. d5 Bxd5 21. Bxd5 Qa6 22. Bxa8 Qxa8 23. Qxb5+ Kf7 24. Rd1 g6 25. a4 Kg7 26. Rd7 Qe4 27. Be3 h5 28. h3 g5 29.
a5 Kh6 30. a6 Bg7 31. Qb7 Re8 32. Qxe4 1-0

[Event "Early-Titled-Tuesday-Blitz-January-16-2024"]
[Site "Chess.com"]
[Date "2024.01.16"]
[Round "4"]
[White "Mikhail_Golubev"]
[Black "Vazabanga"]
[Result "0-1"]
[WhiteElo "2540"]
[BlackElo "2698"]
[TimeControl "180+1"]
[EndTime "8:41:19 PST"]
[Termination "Vazabanga won on time"]

1. e4 c5 2. Nf3 d6 3. d4 cxd4 4. Nxd4 Nf6 5. Nc3 Nc6 6. Bc4 Qb6 7. Ndb5 a6 8. Be3 Qd8 9. Nd4 e5 10. Nf5 g6 11. Nh6 Be6 12. Nd5 Nd7 13. O-O Rc8 14. Qd2 Qh4 15. Bg5 Qxe4 16. Bb3 Nd4 17. Nf6+ Nxf6 18. Bxf6 Ne2+ 19. Kh1 Nf4 20. f3 Qc6 21. Bxh8 Bxh6 22. g3 Ke7 23. Bxe5 dxe5 24. gxf4 Bxf4 25.
Qb4+ Kf6 26. Rad1 Qc5 27. Qxb7 Bxb3 28. cxb3 Qc2 29. Qxa6+ Kg7 30. Qd3 Qxb2 0-1

[Event "Early-Titled-Tuesday-Blitz-January-16-2024"]
[Site "Chess.com"]
[Date "2024.01.16"]
[Round "4"]
[White "TheNextLevelFan"]
[Black "topce"]
[Result "1-0"]
[WhiteElo "2603"]
[BlackElo "2369"]
[TimeControl "180+1"]
[EndTime "8:41:19 PST"]
[Termination "TheNextLevelFan won on time"]

1. e4 c5 2. c3 e6 3. d4 d5 4. e5 Nc6 5. Nf3 Nge7 6. Bd3 Nf5 7. Bxf5 exf5 8. O-O Be7 9. dxc5 Bxc5 10. Nbd2 Be6 11. Nb3 Be7 12. Be3 g5 13. Bc5 f4 14. Re1 h5 15.
Nfd4 Nxd4 16. Qxd4 b6 17. Bxe7 Qxe7 18. a4 Rc8 19. a5 Rc4 20. axb6 Rxd4 21. bxa7 O-O 22. a8=Q Re4 23. Qa6 Rb8 24. Nd4 Rxb2 25. Qd3 Qb7 26. f3 Rxe1+ 27. Rxe1 Qb6 28. h4 g4 29. fxg4 hxg4 30.
Rf1 f3 31. gxf3 g3 32. f4 Qa7 33. Qxg3+ Kf8 34. f5 Bxf5 35. Rxf5 Rb1+ 36. Rf1 Qa1 37. Rxb1 Qxb1+ 38. Kh2 Qb2+ 39. Kh3 Qb1 40. Qf3 Ke7 41. Qf6+ Ke8 42. Qc6+ Kf8 43. Qc8+ Kg7 44. Nf5+ Kg6 45. Ne7+ Kh5 46. Qh8+ 1-0

[Event "Early-Titled-Tuesday-Blitz-January-16-2024"]
[Site "Chess.com"]
[Date "2024.01.16"]
[Round "4"]
[White "kaanadayhamle"]
[Black "IMRosen"]
[Result "0-1"]
[WhiteElo "2401"]
[BlackElo "2654"]
[TimeControl "180+1"]
[EndTime "8:41:20 PST"]
[Termination "IMRosen won on time"]

1. Nf3 d5 2. d4 Nf6 3. Bg5 Ne4 4. Bf4 c5 5. dxc5 e6 6. e3 Bxc5 7. Bd3 O-O 8. O-O Nc6 9. Nbd2 Nxd2 10. Qxd2 Qe7 11. Bg3 e5 12. Bb5 e4 13. Nd4 Nxd4 14. exd4 Bb6 15. Rfe1 Bd7 16. Bf1 Rac8 17. c3 a6 18.
Rad1 Rc6 19. f3 f5 20. fxe4 dxe4 21. Kh1 Rg6 22. Be5 Rh6 23. Bf4 Rg6 24. c4 Be8 25. b4 Bc7 26. Bxc7 Qxc7 27. d5 Ba4 28. Rc1 Rh6 29.
g3 Qxg3 0-1

[Event "Early-Titled-Tuesday-Blitz-January-16-2024"]
[Site "Chess.com"]
[Date "2024.01.16"]
[Round "4"]
[White "chito89"]
[Black "AwareIdea"]
[Result "1-0"]
[WhiteElo "2927"]
[BlackElo "2533"]
[TimeControl "180+1"]
[EndTime "8:41:20 PST"]
[Termination "chito89 won on time"]

1. d4 Nf6 2. c4 e6 3. Nc3 d5 4.
Nf3 Bb4 5. cxd5 exd5 6. Bg5 h6 7. Bxf6 Qxf6 8. Qa4+ Nc6 9. e3 O-O 10. Rc1 Qg6 11. a3 Bxc3+ 12. bxc3 a6 13. Qc2 Bf5 14. Qb3 Be4 15. Nd2 Qd6 16. Nxe4 dxe4 17. Be2 Rab8 18. c4 Ne7 19. O-O c5 20. Rfd1 Rfd8 21. h3 Nc6 22.
dxc5 Qxc5 23. Rxd8+ Nxd8 24. Rd1 Ne6 25. Rd5 Qc6 26. Qb4 b6 27. Bg4 Nc5 28. Qd2 Qc7 29. Qd4 Re8 30. Rd6 Ne6 31. Bxe6 Rxe6 32. Rxe6 fxe6 33.
Qxe4 Kf7 34. f4 a5 35. Qd4 Qc6 36. Kh2 Kg8 37. Kg3 b5 38. cxb5 Qxb5 39. a4 Qa6 40. Qc5 Kf7 41. Kf3 Qb7+ 42. Kf2 Qb2+ 43. Kg3 Qe2 44. Qc3 Kf8 45. Kh2 Kg8 46. Qxa5 Qxe3 47.
Qe5 Qb6 48. a5 Qa6 49. Qc7 Kh7 50. Qb6 Qc4 51. Qe3 Qb5 52. Qe4+ Kh8 53. Qa8+ Kh7 54.
a6 Qc4 55. a7 Qxf4+ 56. g3 1-0

[Event "Early-Titled-Tuesday-Blitz-January-16-2024"]
[Site "Chess.com"]
[Date "2024.01.16"]
[Round "4"]
[White "AlbusSevresPotter"]
[Black "ilqar_74"]
[Result "1-0"]
[WhiteElo "2568"]
[BlackElo "2813"]
[TimeControl "180+1"]
[EndTime "8:41:22 PST"]
[Termination "AlbusSevresPotter won by resignation"]

1. e4 c5 2. Nf3 d6 3. d4 cxd4 4. Nxd4 Nf6 5. Nc3 e5 6. Bb5+ Bd7 7. Bxd7+ Qxd7 8. Nf5 Nxe4 9. Nxe4 Qxf5 10. Nxd6+ Bxd6 11. Qxd6 Nc6 12. O-O Qd7 13. Qc5 Qe7 14. Be3 Qxc5 15.
Bxc5 O-O-O 16. Rad1 f5 17. f3 Rxd1 18. Rxd1 Rd8 19.
Rxd8+ Kxd8 20. Kf2 Kd7 21. Ke3 Ke6 22. c4 b6 23. Bf8 g5 24. b3 Nd4 25. g4 Kf6 26. h3 Ne6 27. Bd6 a6 28. a4 Nd4 29. Bc7 b5 30. cxb5 axb5 31. a5 f4+ 32. Kf2 Nc6 33. a6 Ke6 34. Bb6 Kd5 35. a7 Nxa7 36. Bxa7 Kc6 37.
Ke2 Kd5 38. Kd3 1-0

[Event "Early-Titled-Tuesday-Blitz-January-16-2024"]
[Site "Chess.com"]
[Date "2024.01.16"]
[Round "4"]
[White "Hamisandwich"]
[Black "bitter-cikolata"]
[Result "1/2-1/2"]
[WhiteElo "2715"]
[BlackElo "2554"]
[TimeControl "180+1"]
[EndTime "8:41:24 PST"]
[Termination "Game drawn by repetition"]

1. c3 e5 2. d4 exd4 3. cxd4 d5 4. Nf3 Nf6 5. Nc3 Be7 6. Bf4 O-O 7. e3 c5 8. Rc1 cxd4 9. Nxd4 Nc6 10. Nxc6 bxc6 11.
Bd3 Bd6 12. Bxd6 Qxd6 13. h3 Rb8 14. b3 a5 15. O-O Re8 16. Na4 Ne4 17. Qc2 Bd7 18.
Rfd1 Qg6 19. Bxe4 Rxe4 20. Nc5 Bf5 21. Qe2 Bxh3 22. Qf3 Bxg2 23. Qg3 Qxg3 24. fxg3 Bf3 25. Nxe4 Bxd1 26. Nd6 Bf3 27. Kf2 Be4 28. Rxc6 Ra8 29.
Nxe4 dxe4 30. Rc4 f5 31. Ra4 g6 32. g4 Kf7 33. gxf5 gxf5 34. b4 Ke6 35. bxa5 Ra6 36. Kg3 Ke5 37. Ra3 Rg6+ 38. Kh3 Ra6 39. Kg3 Rg6+ 40.
Kh4 Ra6 41. Kg3 1/2-1/2

[Event "Early-Titled-Tuesday-Blitz-January-16-2024"]
[Site "Chess.com"]
[Date "2024.01.16"]
[Round "4"]
[White "Arystanner"]
[Black "crazy_but_lazy"]
[Result "1-0"]
[WhiteElo "2804"]
[BlackElo "2588"]
[TimeControl "180+1"]
[EndTime "8:41:25 PST"]
[Termination "Arystanner won by resignation"]

1. d4 Nf6 2. c4 g6 3. Nc3 Bg7 4. e4 d6 5. Nge2 O-O 6. h3 c5 7. d5 e6 8. Ng3 exd5 9. cxd5 h5 10. Bg5 a6 11. a4 Qb6 12. Qc2 Nh7 13. a5 Qc7 14. Be3 Nd7 15. Bc4 h4 16. Nge2 Ne5 17. b3 f5 18. Rd1 Qxa5 19. O-O b5 20. Ra1 Qxa1 21. Rxa1 bxc4 22. bxc4 Nxc4 23. Bc1 Bd7 24. exf5 Bxf5 25. Qa4 Ne5 26. Qxh4 Nd3 27. Bh6 g5 28.
Qh5 Rae8 29. Bxg7 Kxg7 30. Rxa6 Bg6 31. Ra7+ Rf7 32. Rxf7+ Bxf7 33. Qg4 Ne5 34. Qg3 Bg6 35. h4 gxh4 36. Qxh4 Nf6 37. Nf4 Rh8 38. Qg5 Kf7 39. Nxg6 Nxg6 40. Nb5 Rd8 41. Qf5 Ne5 42. Qe6+ Kg6 43.
Nxd6 Ra8 44. Qf5+ Kg7 45. Qg5+ Kh7 46. Qxe5 Ra1+ 47. Qxa1 Ng4 1-0

[Event "Early-Titled-Tuesday-Blitz-January-16-2024"]
[Site "Chess.com"]
[Date "2024.01.16"]
[Round "4"]
[White "agvega14"]
[Black "Ducke13"]
[Result "0-1"]
[WhiteElo "2135"]
[BlackElo "2341"]
[TimeControl "180+1"]
[EndTime "8:41:25 PST"]
[Termination "Ducke13 won on time"]

1. d4 Nf6 2. c4 g6 3. Nc3 d5 4.
Nf3 Bg7 5. Bf4 O-O 6. e3 c5 7.
dxc5 Qa5 8. Qb3 Ne4 9. Be5 f6 10.
Bd4 e5 11. cxd5 exd4 12. exd4 Re8 13. Be2 Bg4 14. h3 Bxf3 15. gxf3 Nxc3 16. bxc3 f5 17. Kf1 Nd7 18. Rc1 Rab8 19. d6+ Kh8 20. Bb5 Qd8 21. h4 a6 22. Bc4 Nf6 23. Qa3 Nh5 24. Bd5 Nf4 25. Bf7 Rf8 26. Bc4 Qe8 27. Re1 Qc6 28. Re3 Rbe8 29. d5 Nxd5 30. Bxd5 Qxd5 31. Kg2 Rxe3 32. fxe3 Qd2+ 33. Kg3 Qxe3 34. Qb4 Be5+ 0-1

[Event "Early-Titled-Tuesday-Blitz-January-16-2024"]
[Site "Chess.com"]
[Date "2024.01.16"]
[Round "4"]
[White "francyIM"]
[Black "TigrVShlyape"]
[Result "1-0"]
[WhiteElo "2832"]
[BlackElo "2935"]
[TimeControl "180+1"]
[EndTime "8:41:27 PST"]
[Termination "francyIM won on time"]

1. d4 f5 2. Nc3 Nf6 3. Bg5 d5 4. e3 e6 5. g4 Be7 6. gxf5 exf5 7. Bd3 c6 8. Qf3 Ne4 9. Bxe7 Qxe7 10. Nge2 Be6 11.
h4 Nd7 12. Qf4 O-O-O 13. f3 Nd6 14. O-O-O g6 15. Rdg1 Rhg8 16. Kb1 Nf6 17. Qe5 Nd7 18.
Qh2 Nf6 19. Nf4 Bf7 20. Re1 Rge8 21. Qh3 Kb8 22. Qg3 Ka8 23. h5 Nxh5 24. Nxh5 gxh5 25. Qf4 Bg6 26. a3 Qc7 27. Ne2 Re7 28. Ng3 Rde8 29. Nxh5 a5 30. Nf6 Rd8 31. Rh4 Re6 32. Nh5 Qe7 33. Ng3 Re8 34. Rhh1 Rxe3 35. Rxe3 Qxe3 36.
Qxd6 Qxd4 37. Nxf5 Qf2 38. Qg3 Qc5 39. Qg1 Qf8 40.
Nd4 Bxd3 41. cxd3 Re7 42. Qc1 Rf7 43. Qc3 Qd8 44. Qc5 Re7 45. f4 1-0

[Event "Early-Titled-Tuesday-Blitz-January-16-2024"]
[Site "Chess.com"]
[Date "2024.01.16"]
[Round "4"]
[White "Sebastian"]
[Black "KnightmareJoker"]
[Result "1-0"]
[WhiteElo "2943"]
[BlackElo "2093"]
[TimeControl "180+1"]
[EndTime "8:41:27 PST"]
[Termination "Sebastian won by checkmate"]

1. e4 e5 2. Nf3 Nc6 3. Bb5 a6 4. Ba4 Nf6 5. O-O b5 6. Bb3 Bc5 7. c3 d6 8. d4 Bb6 9. Be3 Rb8 10. Nbd2 O-O 11. Re1 Bg4 12. h3 Bd7 13. a3 h6 14. Bc2 Re8 15. b4 Qe7 16. Nf1 Nh5 17. Qd2 Qf6 18. N1h2 Nf4 19. Ng4 Bxg4 20. hxg4 Nd8 21. g3 Ng6 22. g5 Qxf3 23. Bd1 Qxe4 24. Bc2 Qg4 25. Bd1 Qe6 26. Bc2 d5 27. gxh6 gxh6 28. Kg2 e4 29. Rh1 Qg4 30. Bd1 Qf5 31.
Rh5 Qf6 32. Bg4 Ne6 33. Rah1 Ng7 34. Rxh6 Nf5 35. Bg5 Nxh6 36. Bxf6 Nxg4 37. Bg5 e3 38. Qe2 f5 39. f3 Nf2 40. Rh5 Kg7 41. Bxe3 f4 42. Kxf2 Rxe3 43. Qc2 Rbe8 44. Rg5 fxg3+ 45. Kxg3 c6 46. Qxg6+ Kf8 47. Qg7# 1-0

[Event "Early-Titled-Tuesday-Blitz-January-16-2024"]
[Site "Chess.com"]
[Date "2024.01.16"]
[Round "4"]
[White "jcibarra"]
[Black "bazar-wokzal"]
[Result "1-0"]
[WhiteElo "2864"]
[BlackElo "2606"]
[TimeControl "180+1"]
[EndTime "8:41:28 PST"]
[Termination "jcibarra won on time"]

1. e4 c5 2. Nf3 d6 3. d4 cxd4 4.
Nxd4 Nf6 5. Nc3 a6 6. g3 g6 7. Bg2 Bg7 8. O-O O-O 9. h3 Nc6 10. Nde2 Rb8 11. Nd5 b5 12. Bg5 Nxd5 13. exd5 Ne5 14.
Nd4 Bb7 15. Re1 Re8 16. c3 Rc8 17. a4 bxa4 18. Qxa4 Nc4 19. Re2 Bxd4 20. cxd4 Nb6 21. Qb3 Rb8 22. Rae1 Nc8 23. h4 Qa5 24. h5 Nb6 25.
Rxe7 Rxe7 26. Rxe7 Bxd5 27. Bxd5 Qxd5 28. Qxb6 Rc8 29.
Qc7 Rf8 30. Bh6 Qxd4 31. Bxf8 Qd1+ 32. Kg2 Qd5+ 33. f3 Qd2+ 34. Kh3 Qd1 35. Qc3 Qh1+ 36. Kg4 Qxh5+ 37. Kf4 1-0